 Dungeon Crawl Stone Soup version 0.31.0-32-g396128a36d (webtiles) character file.

Game seed: 1159484764392907884

508 mparten the Conjurer (level 6, -1/32 HPs)
             Began as a Deep Elf Conjurer on Mar 31, 2024.
             Was an Initiate of Vehumet.
             Slain by a vampire (6 damage)
             ... on level 5 of the Dungeon.
             The game lasted 00:11:46 (4257 turns).

mparten the Conjurer (Deep Elf Conjurer)            Turns: 4257, Time: 00:11:47

Health: -1/32      AC:  3    Str:  4    XL:     6   Next: 98%
Magic:  8/17       EV: 13    Int: 25    God:    Vehumet [......]
Gold:   120        SH:  0    Dex: 13    Spells: 15/18 levels left

rFire   . . .        m - +1 short sword (venom)
rCold   . . .        (no shield)
rNeg    . . .        n - +0 robe
rPois   .            (no helmet)
rElec   .            (no cloak)
rCorr   .            (no gloves)
SInv    .            k - +0 pair of boots
Will    .....        (no amulet)
Stlth   ++           (no ring)
HPRegen 0.25/turn    (no ring)
MPRegen 0.15/turn

%: no passive effects
@: no status effects
A: no striking features
a: Renounce Religion


You were on level 5 of the Dungeon.
You worshipped Vehumet.
Vehumet was noncommittal.
You visited 1 branch of the dungeon, and saw 5 of its levels.

You collected 120 gold pieces.

Inventory:

Hand Weapons
 m - a +1 short sword of venom (weapon)
Armour
 k - a +0 pair of boots (worn)
 n - a +0 robe (worn)
Jewellery
 f - a ring of magical power
Wands
 a - a wand of charming (7)
Scrolls
 c - a scroll of vulnerability
 i - a scroll of poison
 j - a scroll of brand weapon {unknown}
 l - a scroll of fog {unknown}
 q - a scroll of identify
 r - a scroll of teleportation {unknown}
 s - a scroll of fear {unknown}
Potions
 b - 2 potions of curing
 d - a potion of attraction {unknown}
 e - a potion of enlightenment {unknown}
 g - a potion of haste {unknown}
 h - a potion of degeneration {unknown}
 o - 2 potions of lignification {unknown}
 p - a potion of berserk rage {unknown}


   Skills:
 + Level 4.5 Dodging
 - Level 2.4 Stealth
 * Level 6.7 Spellcasting
 * Level 6.8 Conjurations


You had 15 spell levels left.
You knew the following spells:

 Your Spells              Type           Power      Damage    Failure   Level
a - Magic Dart            Conj           100%       1d8       1%          1
b - Searing Ray           Conj           84%        2d7       1%          2

Your spell library contained the following spells:

 Spells                   Type           Power      Damage    Failure   Level
 Kiss of Death            Conj/Necr      100%       2d13      1%          1
 Necrotise                Necr           32%        1d5       7%          1
 Fulminant Prism          Conj/Alch      12%        3d9       17%         4
 Iskenderun's Mystic Bla  Conj/Tloc      25%        2d7       17%         4
 Confusing Touch          Hex            8%         N/A       21%         3
 Vampiric Draining        Necr           8%         2d6       21%         3
 Dispel Undead            Necr           8%         3d8       56%         4
 Martyr's Knell           Necr/Summ      8%         N/A       56%         4
 Curse of Agony           Necr           8%         N/A       88%         5


Dungeon Overview and Level Annotations

Branches:
Dungeon (5/15)             Temple (0/1) D:4

Altars:
Ashenzari
Dithmenos
Fedhas
Kikubaaqudgha
Vehumet

Shops:
D:1 (!!


Message History

You resist with some effort.
You now have 12/17 mp.
The searing ray hits the vampire.
The vampire is severely damaged. (Press . to maintain the ray.)
The vampire draws life force from you!
The vampire is healed by the life force!
You take 13 damage, and have 19/32 hp.
MASSIVE DAMAGE!!
You now have 10/17 mp.
You are too injured to fight recklessly!
Casting: Searing Ray (safe; 1% risk of failure)
Confirm with . or Enter, or press ? or * to list all spells.
Aiming: Magic Dart (safe; 1% risk of failure)
Press: ? - help, Shift-Dir - straight line, f/p - vampire
Aim: a vampire (heavily damaged, 100% to hit)
The magic dart hits the vampire but does no damage.
The vampire is heavily damaged.
The vampire hits you but does no damage.
The vampire misses you.
You now have 9/17 mp.
Casting: Magic Dart (safe; 1% risk of failure)
Confirm with . or Enter, or press ? or * to list all spells.
Aiming: Magic Dart (safe; 1% risk of failure)
Press: ? - help, Shift-Dir - straight line, f/p - vampire
Aim: a vampire (heavily damaged, 100% to hit)
The magic dart hits the vampire.
The vampire is heavily damaged.
The vampire barely misses you. The vampire bites you.
The vampire draws strength from your injuries!
You take 2 damage, and have 18/32 hp.
Casting: Magic Dart (safe; 1% risk of failure)
Confirm with . or Enter, or press ? or * to list all spells.
Aiming: Magic Dart (safe; 1% risk of failure)
Press: ? - help, Shift-Dir - straight line, f/p - vampire
Aim: a vampire (heavily damaged, 100% to hit)
The magic dart hits the vampire but does no damage.
The vampire is heavily damaged.
The vampire hits you!
* * * LOW HITPOINT WARNING * * *
The vampire bites you.
You die...

# ###
##.#..
+..#.###
...#<#
#.#.#
#...#
#.###.#
#.@V..#
#..####
#...
#.#..
#.#..$
#.#...#
#.#...#
#. ....


You could see a vampire.

Vanquished Creatures
  Grinder (D:3)
  An orc priest (D:3)
  A sleepcap (D:4)
  2 hounds (D:4)
  An orc wizard (D:3)
  Robin (D:2)
  5 adders (D:2)
  A gnoll (D:1)
  2 dart slugs
  3 ribbon worms
  7 orcs
  3 bats
  4 endoplasms
  2 giant cockroaches (D:1)
  10 hobgoblins
  6 jackals
  A quokka (D:2)
  4 ball pythons
  6 frilled lizards
  14 goblins
  8 kobolds
  9 rats
92 creatures vanquished.

Notes
Turn   | Place    | Note
-------+----------+-------------------------------------------
     0 | D:1      | mparten the Deep Elf Conjurer began the quest for the Orb.
     0 | D:1      | Reached XP level 1. HP: 10/10 MP: 6/6
     1 | D:1      | Noticed an electric eel
   126 | D:1      | Reached XP level 2. HP: 15/15 MP: 0/8
   204 | D:1      | Found Ripsywus's Distillery.
   340 | D:1      | Found Dirag's Distillery.
   667 | D:1      | Reached XP level 3. HP: 13/19 MP: 0/10
   818 | D:1      | Reached skill level 5 in Conjurations
   900 | D:1      | Found Tacwiuz's Weapon Boutique.
  1593 | D:2      | Reached XP level 4. HP: 24/24 MP: 6/12
  1932 | D:2      | Noticed Robin
  1946 | D:2      | Killed Robin
  2034 | D:2      | Reached skill level 5 in Spellcasting
  2072 | D:2      | Reached XP level 5. HP: 28/28 MP: 11/14
  2561 | D:3      | Found a broken altar of Ashenzari.
  2567 | D:3      | Found a radiant altar of Vehumet.
  2575 | D:3      | Became a worshipper of Vehumet
  2598 | D:3      | Found an ancient bone altar of Kikubaaqudgha.
  2729 | D:3      | Learned a level 2 spell: Searing Ray
  2905 | D:3      | Noticed Grinder
  2914 | D:3      | Killed Grinder
  2915 | D:3      | Reached XP level 6. HP: 9/32 MP: 4/17
  3290 | D:3      | Found a blossoming altar of Fedhas.
  3578 | D:4      | Found a shadowy altar of Dithmenos.
  3943 | D:4      | Found a staircase to the Ecumenical Temple.
  4243 | D:5      | Entered Level 5 of the Dungeon
  4249 | D:5      | Noticed a vampire
  4257 | D:5      | Slain by a vampire

Illustrated notes

Levels and vault maps discovered:
D:1:      arrival_aquarium_a, layout_loops_ring, serial_shops, shop, shop,
          nicolae_shop_pleasant_corner_grove, serial_forest,
          infiniplex_forest_straight_2, infiniplex_forest_clump_long,
          infiniplex_forest_clump_medium, infiniplex_forest_clump_long,
          infiniplex_forest_lined_3_way, infiniplex_forest_lined_room_2,
          infiniplex_forest_lined_3_way, nicolae_concentric_dashed_squares_wild
D:2:      layout_rooms, uniq_robin
D:3:      layout_loops_ring, grunt_temple_overflow_open, fedhas_altar_4,
          mainiacjoe_overflow_tiny_flanked, uniq_grinder
D:4:      layout_cave_pools, nicolae_dithmenos_through_a_glass_darkly,
          temple_statues, serial_glass, glass_columns_b, glass_columns_b
D:5:      layout_basic, eat_drink_and_be_merry_uskayaw,
          nicolae_qazlal_style_of_elements, serial_shops,
          nicolae_shop_hallway_plus

Skill      XL: |  1  2  3  4  5 |
---------------+----------------+-----
Spellcasting   | 4 5 6 |  6.7
Dodging        | 3 4 |  4.5
Conjurations   | 5 6 |  6.8
Stealth        | |  2.4

Action                     |  1- 3 |  4- 6 || total
---------------------------+-------+-------++-------
  Melee: Whip              |       |     2 ||     2
         Short sword       |       |     1 ||     1
   Cast: Magic Dart        |    69 |   110 ||   179
         Searing Ray       |       |    15 ||    15
    Use: Potion            |       |     1 ||     1
         Scroll            |       |     3 ||     3
 Armour: Robe              |     4 |    19 ||    23
  Dodge: Dodged            |     3 |    28 ||    31
